 Dungeon Crawl Stone Soup version 0.28-a0-697-g47f3eba078 (webtiles) character file.

Game seed: 11760421421749633668

79 ytrimaz the Shield-Bearer (level 4, -8/37 HPs)
             Began as a Formicid Fighter on Oct 23, 2021.
             Mangled by a gnoll (13 damage)
             ... on level 3 of the Dungeon.
             The game lasted 00:02:42 (1987 turns).

ytrimaz the Shield-Bearer (Formicid Fighter)        Turns: 1987, Time: 00:02:43

Health: -8/37      AC:  7    Str: 22    XL:     4   Next: 62%
Magic:  4/4        EV: 10    Int:  7    God:
Gold:   173        SH:  5    Dex: 10    Spells: 3/3 levels left

rFire   . . .      SeeInvis +   a - +0 war axe
rCold   . . .      Faith    .   c - +1 buckler
rNeg    . . .      Spirit   .   b - +0 scale mail
rPois   .          Reflect  .   (helmet unavailable)
rElec   .          Harm     .   (no cloak)
rCorr   .          Rampage  .   (no gloves)
Will    .....                   (no boots)
Stlth   ..........              (no amulet)
HPRegen 0.12/turn               (no ring)
MPRegen 0.09/turn               (no ring)

@: no status effects
A: permanent stasis, dig shafts and tunnels, antennae 3, four strong arms
a: Dig, Shaft Self


You were on level 3 of the Dungeon.
You visited 1 branch of the dungeon, and saw 3 of its levels.

You collected 173 gold pieces.

Inventory:

Hand Weapons
 a - a +0 war axe (weapon)
Armour
 b - a +0 scale mail (worn)
 c - a +1 buckler (worn)
Scrolls
 e - 2 scrolls of identify {unknown}
 g - a scroll of silence {unknown}
Potions
 d - a potion of might
 f - a potion of attraction {unknown}
 h - a potion of curing {unknown}
 i - a potion of flight {unknown}
 j - a potion of resistance {unknown}
 k - a potion of lignification {unknown}
 l - a potion of invisibility {unknown}
 m - 2 potions of heal wounds {unknown}


   Skills:
 + Level 4.1 Fighting
 + Level 2.9 Axes
 + Level 3.8 Armour
 + Level 0.4 Dodging
 + Level 4.1 Shields


You had 3 spell levels left.
You didn't know any spells.
Your spell library was empty.

Dungeon Overview and Level Annotations

Branches:
Dungeon (3/15)

Altars:


Innate Abilities, Weirdness & Mutations

You cannot be hasted, slowed, berserked, paralysed or teleported.
You can dig through walls and to a lower floor.
You have a pair of large antennae on your head. (SInv)
Your four strong arms can wield two-handed weapons with a shield.


Message History

You slash the endoplasm!
You kill the endoplasm!
An adder comes into view.
The adder hisses angrily.
An adder is nearby!
An adder is nearby!
An adder is nearby!
You slash the adder!
You kill the adder!
You see here an adder corpse.
A gnoll comes into view. It is wielding a +0 flail.
The gnoll shouts!
You hear a shout!
A gnoll is nearby!
A gnoll is nearby!
A goblin and a gnoll come into view.
Found a stone staircase leading up.
The goblin shouts!
The gnoll shouts!
You hear a shout!
A gnoll comes into view. It is wielding a +0 halberd.
The gnoll hits you with a +0 flail.
You hit the gnoll.
The gnoll is heavily wounded.
The gnoll barely misses you.
You hit the gnoll.
The gnoll is heavily wounded.
You slash the gnoll! The gnoll hits you with a +0 whip.
The gnoll barely misses you. The gnoll hits you but does no damage.
The gnoll hits you with a +0 whip.
You barely miss the gnoll.
The gnoll is heavily wounded.
You barely miss the gnoll. The gnoll misses you.
The gnoll hits you with a +0 flail. The gnoll hits you with a +0 whip.
The gnoll closely misses you.
You closely miss the gnoll.
The gnoll is heavily wounded.
You hit the gnoll. The gnoll hits you with a +0 flail!
* * * LOW HITPOINT WARNING * * *
The gnoll hits you with a +0 whip.
* * * LOW HITPOINT WARNING * * *
The gnoll hits you from afar with a +0 halberd!
You die...

.......###............#.†#######
#####...†.......#...#..........#
##.#####.....#........#####.#
#...# #........#####.# #.##
#...# ######.#.......# #...
#...# #.######### #### #...#
#######.# #...# ....<...#
####...##.#####.@#
.............##gg#
.............##gg#
.............#....
####...##........# #≈# #...#
###.#.... #≈. #...# #.#...# #≈#
#...# . ...## #...#


You could see 3 gnolls and a goblin.

Vanquished Creatures
  3 adders
  4 dart slugs
  4 ball pythons
  2 bats (D:2)
  3 endoplasms
  4 giant cockroaches
  7 goblins
  A hobgoblin (D:3)
  3 jackals (D:3)
  A quokka (D:2)
  A frilled lizard (D:1)
  4 kobolds
  2 rats (D:2)
39 creatures vanquished.

Notes
Turn   | Place    | Note
-------+----------+-------------------------------------------
     0 | D:1      | ytrimaz the Formicid Fighter began the quest for the Orb.
     0 | D:1      | Reached XP level 1. HP: 18/18 MP: 1/1
   147 | D:1      | Found a faded altar of an unknown god.
   169 | D:1      | Reached XP level 2. HP: 22/24 MP: 2/2
   633 | D:2      | Reached XP level 3. HP: 28/29 MP: 3/3
  1281 | D:2      | Reached XP level 4. HP: 27/37 MP: 4/4
  1987 | D:3      | Mangled by a gnoll

Illustrated notes

Levels and vault maps discovered:
D:1:      lightli_arrival_statue_moat, layout_basic,
          dreamdust_ecumenical_altar_statues, minmay_misc_feat_nine_boxes
D:2:      layout_loops_ring
D:3:      layout_loops_cross, minmay_crystal_water, minmay_misc_feat_five,
          minmay_quantized

Skill      XL: |  1  2  3 |
---------------+----------+-----
Shields        | 4 |  4.1
Fighting       | 4 |  4.1
Axes           | |  2.9
Armour         | |  3.8
Dodging        | |  0.4

Action                   |  1- 3 |  4- 6 || total
-------------------------+-------+-------++-------
Melee: War axe           |    92 |    28 ||   120
  Use: Scroll            |     3 |       ||     3
Armor: Scale mail        |    41 |     7 ||    48
Dodge: Dodged            |    48 |    13 ||    61
Block: Buckler           |    26 |     4 ||    30

Table legend: (Time is in decaauts)
 A = Elapsed time spent in this place.
 B = Non-inter-level travel time spent in this place.
 C = Inter-level travel time spent in this place.
 D = Time resting spent in this place.
 E = Time spent auto-exploring this place.
 F = Levels seen in this place.
 G = Mean time per level.
                   A        B        C        D        E       F      G
               +--------+--------+--------+--------+--------+-----+--------+
         Total |   2032 |   1961 |     71 |      0 |   1569 |   3 |  677.3 |
       Dungeon |   2032 |   1961 |     71 |      0 |   1569 |   3 |  677.3 |
               +--------+--------+--------+--------+--------+-----+--------+

Top non-repeatable levels by time:
     D:2: 1035 daAuts
     D:1: 593 daAuts
     D:3: 402 daAuts
